 Dungeon Crawl Stone Soup version 0.25-a0-890-g62861fb195 (webtiles) character file.

Game seed: 17996044202709688127, levelgen mode: classic

1377 EnegeticOcto the Slasher (level 8, -3/57 HPs)
             Began as an Octopode Fighter on May 2, 2020.
             Slain by an ice beast (5 damage)
             ... on level 6 of the Dungeon.
             The game lasted 00:02:18 (5245 turns).

EnegeticOcto the Slasher (Octopode Fighter)         Turns: 5245, Time: 00:02:18

Health: -3/57      AC:  1    Str: 15    XL:     8   Next: 66%
Magic:  8/8        EV: 12    Int: 11    God:
Gold:   243        SH: 10    Dex: 13    Spells: 7/7 levels left

rFire    . . .     SeeInvis .   n - +5 falchion (flame)
rCold    . . .     Gourm    .   b - +0 kite shield
rNeg     . . .     Faith    .   (helmet restricted)
rPois    .         Spirit   .   (no amulet)
rElec    .         Reflect  .   (no ring)
rCorr    .         Harm     .   (no ring)
MR       .....                  (no ring)
Stlth    ++........             (no ring)
HPRegen  0.19/turn              (no ring)
MPRegen  0.11/turn              (no ring)
                                (no ring)
                                (no ring)

@: no status effects
A: almost no armour, stealthy swim, amphibious, 8 rings, constrict 8, camouflage
1, gelatinous body 1
a: no special abilities


You were on level 6 of the Dungeon.
You were not hungry.

You visited 2 branches of the dungeon, and saw 7 of its levels.

You collected 243 gold pieces.

Inventory:

Hand Weapons
 n - a +5 falchion of flaming (weapon)
Armour
 b - a +0 kite shield (worn)
Wands
 g - a wand of iceblast (6)
Scrolls
 c - a scroll of fog
 h - 2 scrolls of magic mapping {@r5}
 i - a scroll of enchant armour
 l - a scroll of remove curse {@r6}
 q - a scroll of enchant weapon
Potions
 a - a potion of flight {unknown}
 d - 3 potions of heal wounds {@q2}
 f - a potion of curing {unknown}
 j - a potion of stabbing {@q5}
 k - a potion of might {@q3}
 m - a potion of lignification {@q7}
 o - 2 potions of degeneration
 r - a potion of ambrosia
Comestibles
 e - 9 rations
 p - 3 chunks of flesh


   Skills:
 + Level 6.0 Fighting
 * Level 7.5 Long Blades
 - Level 3.0 Dodging
 + Level 5.9 Shields


You had 7 spell levels left.
You didn't know any spells.
Your spell library was empty.

Dungeon Overview and Level Annotations

Branches:
Dungeon (6/15)             Temple (1/1) D:5

Altars:
Elyvilon
Kikubaaqudgha
Nemelex Xobeh
Okawaru
Qazlal
Sif Muna
Vehumet
Wu Jian
Xom
Yredelemnul
Zin
The Shining One

Shops:
D:4 %


Innate Abilities, Weirdness & Mutations

You cannot wear most types of armour.
You are very stealthy in the water. (Stealth+)
You are amphibious.
You can wear up to eight rings at the same time.
You can use your tentacles to constrict eight enemies at once.
Your skin changes colour to match your surroundings (Stealth+).
Your rubbery body absorbs attacks. (AC +1, EV +1)


Message History

You barely miss the adder. Your grab misses the adder. You squeeze the adder.
You kill the adder!
No target in view!
No target in view!
No target in view!
No target in view!
You butcher the adder corpse.
p - 7 chunks of flesh (gained 1)
You see here an adder skeleton. x2
Done exploring.
Done exploring.
No target in view!
No target in view!
No target in view!
No target in view!
No target in view!
No target in view!
No target in view!
No target in view!
No target in view!
Done exploring.
Done exploring.
Search for what [? for help]? .
(D) Dungeon (T) Temple
Where to? (Enter - Temple @ (x,y), ? - help) Some of the chunks of flesh in your inventory have rotted away.
There is a stone staircase leading down here.
You climb downwards.
There is a stone staircase leading up here.
A quokka comes into view.
A quokka is nearby!
You open the large door.
There is a large open door here.
The helpless quokka fails to defend itself.
You hit the quokka. You burn the quokka.
You kill the quokka!
No target in view!
You butcher the quokka corpse.
p - 3 chunks of flesh (gained 2)
You see here a quokka skeleton. x2
A shadow imp comes into view.
The shadow imp shouts!
A shadow imp is nearby!
You slash the shadow imp! You burn the shadow imp.
You kill the shadow imp!
Your Fighting skill increases to level 6!
No target in view!
No target in view!
No target in view!
No target in view!
No target in view!
No target in view!
You open the door.
There is an open door here.
An ice beast comes into view.
An ice beast is nearby!
An ice beast is nearby!
An ice beast is nearby!
The ice beast misses you.
You riposte.
You hit the ice beast.
You melt the ice beast.
You squeeze the ice beast!
The ice beast is moderately wounded.
You barely miss the ice beast.
The ice beast is moderately wounded.
The ice beast hits you. The ice beast freezes you!
You hit the ice beast but do no damage. Your squeeze misses the ice beast.
The ice beast is moderately wounded.
The ice beast hits you. The ice beast freezes you!
You are too injured to fight recklessly!
You are too injured to fight recklessly!
You are too injured to fight recklessly!
You are too injured to fight recklessly!
You are too injured to fight recklessly!
You are too injured to fight recklessly!
You are too injured to fight recklessly!
You are too injured to fight recklessly!
An ice beast is nearby!
An ice beast is nearby!
You hit the ice beast.
You melt the ice beast.
The ice beast is heavily wounded.
The ice beast hits you. The ice beast freezes you!
* * * LOW HITPOINT WARNING * * *
You hit the ice beast but do no damage. Your squeeze misses the ice beast.
The ice beast is heavily wounded.
You block the ice beast's attack.
You hit the ice beast.
You melt the ice beast.
The ice beast is heavily wounded.
The ice beast misses you.
Your shield prevents you from hitting the ice beast.
The ice beast is heavily wounded.
You block the ice beast's attack.
You barely miss the ice beast.
You squeeze the ice beast, but do no damage.
The ice beast is heavily wounded.
The ice beast barely misses you.
You closely miss the ice beast.
The ice beast is heavily wounded.
The ice beast hits you.
* * * LOW HITPOINT WARNING * * *
The ice beast freezes you.
You die...

#........ #########
#.#.#####
#.......####'#......
#...................
+..$...............รท
#...................
#...................
#...................
#..@................
#.Y.................
#...................
#.......#+##########
#.......# #.......#
...###### ....


You could see an ice beast.

Vanquished Creatures
  A two-headed ogre (D:5)
  Sigmund (D:2)
  Eustachio (D:5)
  A hound (D:4)
  A centaur skeleton (D:4)
  An orc priest (D:3)
  An iguana (D:5)
  A bullfrog skeleton (D:3)
  Terence (D:2)
  An orc wizard (D:3)
  2 worker ants
  2 hound skeletons (D:5)
  Robin (D:2)
  3 adders
  3 shadow imps
  An ooze (D:3)
  An adder skeleton (D:4)
  3 worms (D:3)
  A dart slug (D:1)
  4 leopard geckos
  11 orcs
  2 ball pythons
  8 bats
  6 giant cockroaches
  7 hobgoblins
  10 jackals
  6 kobolds
  3 quokkas
  7 frilled lizards
  14 goblins
  A jackal skeleton (D:4)
  5 rats
111 creatures vanquished.

Notes
Turn   | Place    | Note
-------+----------+-------------------------------------------
     0 | D:1      | EnegeticOcto the Octopode Fighter began the quest for the
                  | Orb.
     0 | D:1      | Reached XP level 1. HP: 16/16 MP: 1/1
   137 | D:1      | Reached XP level 2. HP: 19/21 MP: 2/2
   894 | D:2      | Reached XP level 3. HP: 24/26 MP: 3/3
   938 | D:2      | Noticed Robin
   959 | D:2      | Reached skill level 3 in Long Blades
   965 | D:2      | Killed Robin
  1337 | D:2      | Noticed Terence
  1345 | D:2      | Killed Terence
  1345 | D:2      | Reached XP level 4. HP: 31/32 MP: 4/4
  1466 | D:2      | Found a white marble altar of Elyvilon.
  1524 | D:2      | Noticed Sigmund
  1534 | D:2      | Killed Sigmund
  1534 | D:2      | Reached skill level 4 in Long Blades
  1534 | D:2      | Reached XP level 5. HP: 17/37 MP: 5/5
  1534 | D:2      | Reached XP level 6. HP: 20/43 MP: 6/6
  2447 | D:3      | Reached skill level 5 in Long Blades
  2521 | D:3      | Found a white marble altar of Elyvilon.
  2774 | D:3      | Found a basalt altar of Yredelemnul.
  3161 | D:4      | Reached XP level 7. HP: 30/49 MP: 7/7
  3790 | D:4      | Found Viumen's Food Shop.
  3986 | D:5      | Entered Level 5 of the Dungeon
  3986 | D:5      | Noticed Eustachio
  4006 | D:5      | Killed Eustachio
  4084 | D:5      | Found a sparkling altar of Nemelex Xobeh.
  4131 | D:5      | Reached skill level 5 in Fighting
  4142 | D:5      | Found a staircase to the Ecumenical Temple.
  4151 | Temple   | Entered the Ecumenical Temple
  4572 | D:5      | Reached skill level 6 in Long Blades
  4572 | D:5      | Reached skill level 5 in Shields
  4932 | D:5      | Noticed a two-headed ogre
  4935 | D:5      | Found a glowing silver altar of Zin.
  4942 | D:5      | Killed a two-headed ogre
  4942 | D:5      | Reached skill level 7 in Long Blades
  4942 | D:5      | Reached XP level 8. HP: 52/57 MP: 8/8
  5245 | D:6      | HP: 2/57 [ice beast (5)]
  5245 | D:6      | Slain by an ice beast

Levels and vault maps discovered:
D:1:      roderic_dead_forest, layout_basic, kennysheep_decorative_pillar
D:2:      layout_rooms, marbit_many_paths, first_ration,
          kennysheep_generic_room_10, uniq_terence, uniq_sigmund, uniq_robin
D:3:      layout_basic, yredelemnul_altar_generic, elyvilon_altar_5
D:4:      layout_rooms, serial_shops, kennysheep_mini
D:5:      layout_layer_cave, nemelex_xobeh_ov_fountains_minmay,
          minmay_temple_entry_antechambers, basic_altar,
          kennysheep_generic_room_3, uniq_eustachio
D:6:      layout_basic
Temple:   compressed_dpeg_triangle_lava_temple

Skill      XL: |  1  2  3  4  5  6  7  8 |
---------------+-------------------------+-----
Long Blades    | 3 4 5 7 |  7.5
Fighting       | 4 5 6 |  6.0
Shields        | 4 5 |  5.9
Dodging        | |  3.0

Action                   |  1- 3 |  4- 6 |  7- 9 || total
-------------------------+-------+-------+-------++-------
Melee: Long sword        |    66 |    76 |    15 ||   157
       Constrict         |    22 |    24 |    21 ||    67
       Tentacles         |    11 |    26 |    19 ||    56
       Falchion          |       |       |    62 ||    62
  Use: Scroll            |       |       |    11 ||    11
 Stab: Sleeping          |     5 |     5 |     3 ||    13
       Distracted        |     1 |       |       ||     1
  Eat: Chunk             |     1 |     6 |     2 ||     9
       Ration            |       |       |     2 ||     2
Armor: Skin              |     8 |     5 |     4 ||    17
Dodge: Dodged            |    29 |    37 |    34 ||   100
Block: Kite shield       |    31 |    21 |    39 ||    91
       Rpst.: Long sword |    12 |    12 |     1 ||    25
       Falchion          |       |       |    10 ||    10

Table legend:
 A = Non-vault XP
 B = Vault XP
 C = Vault XP percentage of total XP
 D = Non-vault monster count
 E = Vault monster count
 F = Vault count percentage of total count
                 A         B        C        D         E       F
            +---------+---------+-------+---------+---------+-------
      Total |    1455 |     513 |  26.1 |      95 |      16 |  14.4
            +---------+---------+-------+---------+---------+-------
        D:1 |      31 |       0 |   0.0 |      20 |       0 |   0.0
        D:2 |      19 |     296 |  94.0 |      13 |      13 |  50.0
        D:3 |     232 |       0 |   0.0 |      33 |       0 |   0.0
        D:4 |     125 |       0 |   0.0 |      13 |       0 |   0.0
        D:5 |    1035 |     217 |  17.3 |      14 |       3 |  17.6
        D:6 |      13 |       0 |   0.0 |       2 |       0 |   0.0
            +---------+---------+-------+---------+---------+-------
